 Dungeon Crawl Stone Soup version 0.17-a0-1210-g1e4f09d (webtiles) character file.

498 kidanger the Covert (level 6, -1/46 HPs)
             Began as a Vampire Assassin on June 4, 2015.
             Shot with an arrow by a centaur (12 damage)
             ... on level 4 of the Dungeon.
             The game lasted 00:24:10 (3904 turns).

kidanger the Covert (Vampire Assassin)              Turns: 3904, Time: 00:24:11

Health: -1/46      AC:  9    Str: 10    XL:     6   Next: 94%
Magic:  6/6        EV: 15    Int: 14    God:
Gold:   121        SH:  0    Dex: 17    Spells: 0 memorised, 5 levels left

rFire  + . .     SeeInvis +     u - +0 flail (protect)
rCold  . . .     Clarity  .     c - +0 robe
rNeg   . . .     SustAt   .     (no shield)
rPois  .         Gourm    .     r - +1 hat
rElec  .         Spirit   .     d - +0 cloak
rCorr  .         Warding  .     (no gloves)
rMut   .         Stasis   .     (no boots)
MR     .....                    (no amulet)
Stlth  +++++.....               p - ring of protection from fire
                                (no ring)

@: regenerating quickly, not resistant to hostile enchantments, quite stealthy
A: fangs 3, see invisible, unbreathing
a: no special abilities


You were on level 4 of the Dungeon.
You were very full.

You visited 1 branch of the dungeon, and saw 4 of its levels.

You collected 121 gold pieces.

Inventory:

Hand weapons
 a - a +2 dagger
 b - a +0 blowgun
 e - a +3 mace of holy wrath
 u - a +0 flail of protection (weapon)
 v - a +0 dagger of pain
Missiles
 f - a curare-tipped needle
Armour
 c - a +0 robe (worn)
 d - a +0 cloak (worn)
 r - a +1 hat (worn)
Jewellery
 k - an uncursed ring of loudness
 p - a ring of protection from fire (right hand)
Scrolls
 h - a scroll of identify
 m - a scroll of recharging {unknown}
 n - 2 scrolls of fear {unknown}
 t - a scroll of magic mapping
 y - a scroll of amnesia {unknown}
 B - a scroll of remove curse
Potions
 g - a potion of invisibility {unknown}
 i - a potion of beneficial mutation {unknown}
 j - a potion of agility {unknown}
 l - 2 potions of cure mutation {unknown}
 o - 2 potions of curing {unknown}
 q - a potion of mutation {unknown}
 s - a potion of lignification {unknown}
 w - a potion of might {unknown}
 x - a potion of blood
 z - a potion of haste {unknown}


   Skills:
 + Level 2.9 Fighting
 + Level 1.8 Short Blades
 - Level 1.5 Throwing
 + Level 4.5 Dodging
 + Level 9.8 Stealth


You had 5 spell levels left.
You didn't know any spells.

Dungeon Overview and Level Annotations

Branches:
Dungeon (4/15)
 Temple: D:4-7

Altars:
Ashenzari
Okawaru
Qazlal


Innate Abilities, Weirdness & Mutations

Your natural rate of healing is unusually fast.
You have razor-sharp teeth.
You have supernaturally acute eyesight.
You can survive without breathing.


Message History

A bat comes into view.
You completely miss the goblin.
The bat moves out of view.
The goblin hits you with a dagger.
You closely miss the goblin. The goblin closely misses you.
You closely miss the goblin. Your bite misses the goblin.
The goblin hits you but does no damage. x2
A centaur comes into view.
The centaur shouts!
You hit the goblin.
The goblin is moderately wounded.
The centaur wields a shortbow.
The centaur shoots an arrow.
The arrow completely misses you. The goblin hits you but does no damage.
You sock the goblin!
You kill the goblin!
The centaur shoots an arrow.
The arrow hits you.
* * * LOW HITPOINT WARNING * * *
The centaur shoots an arrow.
The arrow barely misses you.
The centaur shoots an arrow.
The arrow misses you.
The centaur shoots an arrow.
The arrow hits you!
You die...

. '.......##. ##'
#.....c.#..
##..##.......'.
..............#
.............# ( ..
.............##.# ...
.......)........ .... #.
#..)........
....##'###..@(.......
.........'............ #
........#............ #.
#...##..##(..........
##.##...##..##......[....
........'................
........##..##...........#
#......##..##.##....##..#
##.......'..##.##....##..#


You could see a centaur.

Vanquished Creatures
  A phantom (D:4)
  3 orc wizards
  A giant frog skeleton (D:4)
  An orc priest (D:4)
  Terence (D:3)
  Natasha (twice) (D:4)
  An iguana (D:4)
  A worker ant (D:4)
  4 adders
  4 gnolls
  3 worms
  3 giant geckos (D:2)
  8 orcs
  7 goblins
  5 hobgoblins
  2 jackals (D:3)
  11 kobolds
  A quokka (D:3)
  A ball python (D:3)
  4 bats
  A giant cockroach (D:1)
  A giant cockroach zombie (D:4)
  3 giant newts
  5 rats
74 creatures vanquished.

Notes
Turn   | Place    | Note
--------------------------------------------------------------
     0 | D:1      | kidanger the Vampire Assassin began the quest for the Orb.
     0 | D:1      | Reached XP level 1. HP: 16/16 MP: 1/1
    20 | D:1      | Reached skill level 6 in Stealth
   359 | D:1      | Reached XP level 2. HP: 16/22 MP: 2/2
   782 | D:1      | Reached skill level 7 in Stealth
  1007 | D:2      | Reached XP level 3. HP: 19/27 MP: 3/3
  1163 | D:2      | Found a shattered altar of Ashenzari.
  1262 | D:2      | Found an iron altar of Okawaru.
  1566 | D:3      | Noticed Terence
  1590 | D:3      | Reached XP level 4. HP: 26/33 MP: 4/4
  1630 | D:3      | Killed Terence
  1630 | D:3      | Reached skill level 8 in Stealth
  1711 | D:3      | HP: 1/33 [gnoll/halberd (16)]
  2141 | D:3      | Found a stormy altar of Qazlal.
  2234 | D:3      | Reached XP level 5. HP: 26/38 MP: 5/5
  3135 | D:4      | Reached skill level 1 in Short Blades
  3179 | D:4      | Noticed a phantom
  3252 | D:4      | Killed a phantom
  3252 | D:4      | Reached skill level 9 in Stealth
  3252 | D:4      | Reached XP level 6. HP: 16/46 MP: 6/6
  3402 | D:4      | Noticed Natasha
  3412 | D:4      | Killed Natasha
  3686 | D:4      | HP: 2/46 [poisoned by a worker ant]
  3691 | D:4      | HP: 2/46 [poisoned by a worker ant]
  3698 | D:4      | HP: 2/46 [poisoned by a worker ant]
  3866 | D:4      | Noticed Natasha
  3898 | D:4      | Killed Natasha
  3904 | D:4      | Shot with an arrow by a centaur

Vault maps used:
D:1:      saegor_arrival_simple_b
D:2:      okawaru_metal_pillars_1_2, evilmike_ruin_ashenzari
D:3:      lemuel_doored_altar, serial_bayou, serial_bayou_ford_a,
          serial_bayou_crossing, serial_bayou_lagoon_a, uniq_terence
D:4:      nicolae_gozag_cash_rules_everything_around_me, first_bread,
          uniq_natasha, uniq_edmund

Action                   |  1- 3 |  4- 6 || total
-------------------------+-------+-------++-------
Melee: Dagger            |    75 |   166 ||   241
       Flail             |       |    40 ||    40
 Fire: Blowgun           |    24 |    19 ||    43
  Use: Potion            |     2 |    14 ||    16
       Scroll            |       |     3 ||     3
 Stab: Sleeping          |    12 |    10 ||    22
       Distracted        |       |     2 ||     2
  Eat: Corpse            |       |     4 ||     4
